 Dungeon Crawl Stone Soup version 0.25-a0-366-g516bc45ae0 (webtiles) character file.

Game seed: 7707521618346725009, levelgen mode: deterministic

45 Conn the Magician (level 3, 0/22 HPs)
             Began as an Octopode Wizard on Jan 6, 2020.
             Was an Initiate of Sif Muna.
             Killed by nerve-wracking pain
             ... invoked by Jessica
              (14 damage)
             ... on level 2 of the Dungeon.
             The game lasted 00:04:06 (1728 turns).

Conn the Magician (Octopode Wizard)                 Turns: 1728, Time: 00:04:07

Health: 0/22       AC:  1    Str:  7    XL:     3   Next: 64%
Magic:  4/8        EV: 13    Int: 20    God:    Sif Muna [......]
Gold:   108        SH:  0    Dex: 10    Spells: 1/9 levels left

rFire    . . .     SeeInvis .   b - +0 short sword
rCold    . . .     Gourm    .   (no shield)
rNeg     . . .     Faith    .   a - +0 hat
rPois    .         Spirit   .   (no amulet)
rElec    .         Reflect  .   (no ring)
rCorr    .         Harm     .   (no ring)
MR       .....                  (no ring)
Stlth    +++.......             (no ring)
HPRegen  0.07/turn              (no ring)
MPRegen  0.11/turn              (no ring)
                                (no ring)
                                (no ring)

@: very slightly contaminated, invisible
A: almost no armour, stealthy swim, amphibious, 8 rings, constrict 8, camouflage
1, gelatinous body 1
a: Renounce Religion


You were on level 2 of the Dungeon.
You worshipped Sif Muna.
Sif Muna was noncommittal.
You were hungry.

You visited 1 branch of the dungeon, and saw 2 of its levels.

You collected 108 gold pieces.

Inventory:

Hand Weapons
 b - a +0 short sword (weapon)
 e - a +0 dagger
Armour
 a - a +0 hat (worn)
Scrolls
 d - a scroll of identify {unknown}
 f - 2 scrolls of noise {unknown}
 g - a scroll of blinking {unknown}
 j - a scroll of magic mapping {unknown}
 m - a scroll of random uselessness {unknown}
Potions
 h - a potion of mutation {unknown}
 i - a potion of agility {unknown}
 k - a potion of invisibility
Comestibles
 c - 4 rations
 l - a chunk of flesh


   Skills:
 * Level 0.4 Fighting
 + Level 2.0 Dodging
 + Level 3.1 Stealth
 * Level 3.8 Spellcasting
 * Level 1.3 Conjurations
 + Level 1.0 Summonings
 * Level 1.4 Translocations


You had one spell level left.
You knew the following spells:

 Your Spells              Type           Power        Failure   Level  Hunger
a - Magic Dart            Conj           #...         8%          1    None
b - Blink                 Tloc           N/A          11%         2    ##.....
c - Call Imp              Summ           #.......     13%         2    ##.....
d - Conjure Flame         Conj/Fire      #.......     30%         3    ###....

Your spell library contained the following spells:

 Spells                   Type           Power        Failure   Level  Hunger
 Slow                     Hex            #.......     21%         2    ##.....
 Mephitic Cloud           Conj/Pois/Air  #.......     32%         3    ###....


Dungeon Overview and Level Annotations

Branches:
Dungeon (2/15)

Altars:
Sif Muna

Annotations:
D:2 Jessica


Innate Abilities, Weirdness & Mutations

You cannot wear most types of armour.
You are very stealthy in the water. (Stealth+)
You are amphibious.
You can wear up to eight rings at the same time.
You can use your tentacles to constrict eight enemies at once.
Your skin changes colour to match your surroundings (Stealth+).
Your rubbery body absorbs attacks. (AC +1, EV +1)


Message History

A beastly little devil appears in a puff of flame.
Jessica misses your crimson imp. Jessica barely misses your crimson imp.
Your crimson imp blinks!
There is an open door here.
Casting: Call Imp (safe; 13% risk of failure)
Confirm with . or Enter, or press ? or * to list all spells.
A beastly little devil appears in a puff of frigid air.
You are feeling hungry.
Jessica gestures at you while chanting. Pain shoots through your body!
Jessica points at you and mumbles some strange words.
Pain shoots through your body!
It was a potion of invisibility.
You fade into invisibility!
Jessica barely misses you.
You are very lightly contaminated with residual magic.
Jessica points at you and mumbles some strange words.
Pain shoots through your body!
Ouch! That really hurt!
You die...

#.#......)#..#
#....)_......#
#.#.......#..#
#.#.......#..#
##.##.....##..######
#..####.####.(>.....
#............#.#####
#.#.#####.#.##.#
#..@# #......# ###@#
######.##### #.#
#...... ####5##
#...... #...5.#
#...... #.....#
#....). #.....#
#...... #.....#
#...... ......##
#######


You could see Jessica, a friendly crimson imp and a friendly white imp.

Vanquished Creatures
  2 orcs (D:2)
  A bat (D:1)
  A giant cockroach (D:1)
  A hobgoblin (D:1)
  A frilled lizard (D:1)
  2 goblins (D:1)
  A kobold (D:2)
  3 rats
12 creatures vanquished.

Vanquished Creatures (collateral kills)
  Natasha (D:2)
  An adder (D:2)
  A worm (D:2)
  A kobold (D:2)
4 creatures vanquished.

Grand Total: 16 creatures vanquished

Notes
Turn   | Place    | Note
-------+----------+-------------------------------------------
     0 | D:1      | Conn the Octopode Wizard began the quest for the Orb.
     0 | D:1      | Reached XP level 1. HP: 11/11 MP: 4/4
   239 | D:1      | Reached XP level 2. HP: 17/17 MP: 6/6
   899 | D:2      | Learned a level 2 spell: Blink
   902 | D:2      | Learned a level 2 spell: Call Imp
  1402 | D:2      | Noticed Natasha
  1408 | D:2      | Killed Natasha
  1408 | D:2      | Reached XP level 3. HP: 4/22 MP: 2/8
  1666 | D:2      | Found a shimmering blue altar of Sif Muna.
  1673 | D:2      | Became a worshipper of Sif Muna the Loreminder
  1704 | D:2      | Learned a level 3 spell: Conjure Flame
  1719 | D:2      | Noticed Jessica
  1728 | D:2      | Killed from afar by Jessica

Levels and vault maps discovered:
D:1:      grunt_arrival_crossed_arrows, layout_basic, minivault_14
D:2:      layout_basic, old_standard_altar, uniq_natasha, uniq_jessica

Skill      XL: |  1  2 |
---------------+-------+-----
Stealth        | 3 |  3.1
Fighting       | |  0.4
Dodging        | |  2.0
Spellcasting   | |  3.8
Conjurations   | |  1.3
Summonings     | |  1.0
Translocations | |  1.4

Action                   || total
-------------------------++-------
Melee: Dagger            ||     5
       Short sword       ||     5
       Tentacles         ||     1
 Cast: Magic Dart        ||    28
       Call Imp          ||     8
  Use: Potion            ||     1
 Stab: Sleeping          ||     3
  Eat: Chunk             ||     2
Armor: Skin              ||     1
Dodge: Dodged            ||    10

Table legend:
 A = Non-vault XP
 B = Vault XP
 C = Vault XP percentage of total XP
 D = Non-vault monster count
 E = Vault monster count
 F = Vault count percentage of total count
                 A         B        C        D         E       F
            +---------+---------+-------+---------+---------+-------
      Total |      31 |      34 |  52.3 |      15 |       1 |   6.2
            +---------+---------+-------+---------+---------+-------
        D:1 |      11 |       0 |   0.0 |       7 |       0 |   0.0
        D:2 |      20 |      34 |  63.0 |       8 |       1 |  11.1
            +---------+---------+-------+---------+---------+-------
